cohdb
Replays
Latest Replays
All Replays
Popular Replays
Top Player Replays
Match Explorer
How It Works
Community
CoH3 Stats
Reddit
Sign in to upload your games and track your stats! →
Sign in with Steam
vs AT (Alpenwell and Crash Override)
Match 22868642
Overview
Messages
Build Orders
End
Panzergrenadier Squad
Selects Armored Support Battlegroup
Panzergrenadier Squad
250 Light Carrier
Construct Light Support Kompanie
Selects Veteran Gunners
MG34 Team
Fire Support Elements
Selects Salvage Kits
Flakvierling Half-track
2.5-tonne Medical Truck
Vehicle Survival Package
Selects Panzer Storm
Flakvierling Half-track
Pak 38 Anti-tank Gun Team
le.IG 18 Mechanized Group
Combat Half-tracks
Construct Panzerarmee Kommand
Alpenwell
Crash Override
Mike
Michael D
0
0
Comments
sign in to comment!
No comments posted yet!